[Event "Hungarian Youth-ch II 2024"]
[Site "Szolnok"]
[Date "2024.04.01"]
[Round "1.1"]
[White "Bolla, Zsofia"]
[Black "Kiss, Inez"]
[Result "0-1"]
[ECO "C08"]
[WhiteElo "1615"]
[BlackElo "1806"]
[Annotator "NA"]
[PlyCount "92"]
[EventDate "2024.03.31"]
[EventType "swiss"]
[EventCountry "HUN"]
[SourceTitle "playchess.com"]
[Source "ChessBase"]
[SourceQuality "1"]
[TimeControl "5400+30"]

1. e4 e6 2. d4 d5 3. Nd2 c5 4. exd5 exd5 5. dxc5 Bxc5 6. Bd3 Nf6 7. Ngf3 O-O 8. O-O Nc6 9. Nb3 Bd6 10. Bg5 Bg4 11. h3 Bh5 12. Re1 Be7 13. Nbd2 Nb4 14. Be2 Bg6 15. Nd4 h6 16. Bh4 Rc8 17. c3 Nc6 18. N2f3 Ne4 19. Bxe7 Qxe7 20. Bd3 Qf6 21. Nc2 Rfe8 22. Ne3 Rcd8 23. Ng4 Qf4 24. Qc2 h5 25. Ne3 d4 26. cxd4 Nb4 27. Qb3 Nxd3 28. Qxd3 Nxf2 29. Qe2 Nd3 30. a3 Nxe1 31. Rxe1 Re4 32. Qd2 Rde8 33. Kf2 h4 34. Re2 Bh5 35. Re1 Bxf3 36. gxf3 Qh2+ 37. Ng2 Qg3+ 38. Kf1 Qxf3+ 39. Qf2 Rxe1+ 40. Nxe1 Qh1+ 41. Qg1 Rxe1+ 42. Kf2 Qxg1+ 43. Kf3 Re3+ 44. Kf4 Qg3+ 45. Kf5 g6+ 46. Kf6 Re6# 0-1

[Event "Hungarian Youth-ch II 2024"]
[Site "Szolnok"]
[Date "2024.04.01"]
[Round "1.2"]
[White "Biro, Beata"]
[Black "Farkas, Sara"]
[Result "1-0"]
[ECO "C03"]
[WhiteElo "1760"]
[BlackElo "1707"]
[Annotator "NA RC"]
[PlyCount "63"]
[EventDate "2024.03.31"]
[EventType "swiss"]
[EventCountry "HUN"]
[SourceTitle "playchess.com"]
[Source "ChessBase"]
[SourceQuality "1"]
[TimeControl "5400+30"]

1. e4 e6 2. d4 d5 3. Nd2 Nc6 4. c3 e5 5. Ngf3 exd4 6. cxd4 Bb4 7. e5 Bg4 8. Bb5 Nge7 9. O-O O-O 10. Nb3 a6 11. Be2 Ng6 12. a3 Be7 13. h3 Bf5 14. Ne1 a5 15. Be3 Bg5 16. f4 Bh4 17. Bd3 Bxd3 18. Nxd3 f5 19. Nbc5 Qc8 20. Qb3 Rd8 21. Qxb7 Qxb7 22. Nxb7 Rdb8 23. Nbc5 Rb6 24. Rac1 Nd8 25. Rf3 c6 26. g4 Ne7 27. Rc2 h6 28. g5 hxg5 29. fxg5 g6 30. Rg2 Nf7 31. e6 Nd6 32. Rf4 1-0

[Event "Hungarian Youth-ch II 2024"]
[Site "Szolnok"]
[Date "2024.04.01"]
[Round "1.3"]
[White "Kincses, Emma"]
[Black "Balogh, Gerda"]
[Result "1-0"]
[ECO "A20"]
[WhiteElo "1678"]
[BlackElo "1793"]
[Annotator "NA"]
[PlyCount "63"]
[EventDate "2024.03.31"]
[EventType "swiss"]
[EventCountry "HUN"]
[SourceTitle "playchess.com"]
[Source "ChessBase"]
[SourceQuality "1"]
[TimeControl "5400+30"]

1. c4 e5 2. g3 Nf6 3. Bg2 d5 4. cxd5 Nxd5 5. Nc3 Nb6 6. Nf3 Nc6 7. O-O Be7 8. d3 O-O 9. a3 Be6 10. Rb1 f6 11. b4 a6 12. Ne4 Nd5 13. Bb2 Qc8 14. Qc2 Rd8 15. Rfc1 Kh8 16. Nfd2 Qd7 17. Nb3 Ncxb4 18. axb4 Nxb4 19. Nbc5 Nxc2 20. Nxd7 Ba2 21. Nxe5 fxe5 22. Rxc2 Bxb1 23. Rxc7 Bf6 24. h4 Rab8 25. f4 Rdc8 26. Rd7 Rc2 27. Bc3 Rxe2 28. fxe5 Bd8 29. e6 Bb6+ 30. Kh2 Re3 31. Rxg7 Ba7 32. Rg4+ 1-0

[Event "Hungarian Youth-ch II 2024"]
[Site "Szolnok"]
[Date "2024.04.01"]
[Round "1.4"]
[White "Csiszar, Vivien"]
[Black "Wang, Luomeng"]
[Result "0-1"]
[ECO "B13"]
[WhiteElo "1575"]
[BlackElo "1797"]
[Annotator "NA"]
[PlyCount "70"]
[EventDate "2024.03.31"]
[EventType "swiss"]
[EventCountry "HUN"]
[SourceTitle "playchess.com"]
[Source "ChessBase"]
[SourceQuality "1"]
[TimeControl "5400+30"]

1. e4 c6 2. d4 d5 3. exd5 cxd5 4. Nf3 Nf6 5. Nbd2 Nc6 6. Bb5 Bd7 7. c4 g6 8. O-O Bg7 9. c5 O-O 10. Bxc6 Bxc6 11. Ne5 Qc7 12. Ndf3 Nd7 13. Bf4 Nxe5 14. Nxe5 Qc8 15. Qd2 f6 16. Nf3 Re8 17. Rfe1 Qf5 18. Qe3 Kf7 19. b4 Qd7 20. Qb3 h5 21. a4 a6 22. Reb1 Qf5 23. Bc7 g5 24. b5 axb5 25. axb5 Bd7 26. Rc1 g4 27. Rxa8 Rxa8 28. c6 bxc6 29. bxc6 Bxc6 30. Nd2 Ba4 31. Qb7 Rc8 32. Ra1 Qd7 33. Rc1 Bh6 34. Nb3 Bxb3 35. Rb1 Qxc7 0-1

[Event "Hungarian Youth-ch II 2024"]
[Site "Szolnok"]
[Date "2024.04.01"]
[Round "1.5"]
[White "Illes-Nagy, Nora"]
[Black "Miko, Biborka"]
[Result "1-0"]
[ECO "A52"]
[WhiteElo "1757"]
[BlackElo "1549"]
[Annotator "NA RC"]
[PlyCount "81"]
[EventDate "2024.03.31"]
[EventType "swiss"]
[EventCountry "HUN"]
[SourceTitle "playchess.com"]
[Source "ChessBase"]
[SourceQuality "1"]
[TimeControl "5400+30"]

1. d4 Nf6 2. c4 e5 3. dxe5 Ng4 4. Bf4 Nc6 5. Nf3 Bb4+ 6. Nbd2 Qe7 7. e3 Ngxe5 8. Nxe5 Nxe5 9. a3 Bxd2+ 10. Qxd2 O-O 11. Be2 a5 12. O-O b6 13. Qd5 Nc6 14. Bxc7 Qc5 15. Bd6 Qxd5 16. cxd5 Nd8 17. Bxf8 Kxf8 18. Rac1 f6 19. Rc7 d6 20. Rfc1 Bf5 21. Bf3 b5 22. e4 Bg6 23. Rc8 Rxc8 24. Rxc8 Ke7 25. Rb8 Be8 26. Be2 b4 27. axb4 axb4 28. Rxb4 Bg6 29. Bg4 Nf7 30. f4 h5 31. Be6 Nh6 32. f5 Bf7 33. Rb7+ Kf8 34. Bxf7 Nxf7 35. b4 Ne5 36. b5 Nd3 37. Rc7 Ke8 38. b6 Kd8 39. Rc6 Nc5 40. Rxd6+ Kc8 41. Rc6+ 1-0

[Event "Hungarian Youth-ch II 2024"]
[Site "Szolnok"]
[Date "2024.04.01"]
[Round "1.6"]
[White "Medvegy, Maria"]
[Black "Hangyal, Anna"]
[Result "0-1"]
[ECO "B30"]
[WhiteElo "1474"]
[BlackElo "1719"]
[Annotator "NA RC"]
[PlyCount "74"]
[EventDate "2024.03.31"]
[EventType "swiss"]
[EventCountry "HUN"]
[SourceTitle "playchess.com"]
[Source "ChessBase"]
[SourceQuality "1"]
[TimeControl "5400+30"]

1. e4 c5 2. Nf3 Nc6 3. Bb5 e6 4. O-O Be7 5. c3 Nf6 6. Re1 O-O 7. d4 a6 8. Bf1 d5 9. e5 Nd7 10. Bd3 f6 11. Qc2 f5 12. Bf4 cxd4 13. Nxd4 Nc5 14. b4 Nxd4 15. cxd4 Nxd3 16. Qxd3 Bxb4 17. Re3 Bd7 18. Rh3 Rc8 19. Nd2 Rc3 20. Qb1 Rxh3 21. gxh3 Bc3 22. Nb3 Bxa1 23. Qxa1 b6 24. Qf1 Qh4 25. Bg3 Qe4 26. f3 Qe3+ 27. Kg2 Bb5 28. Qd1 Be2 29. Qe1 Qxf3+ 30. Kg1 Qe3+ 31. Bf2 Qg5+ 32. Bg3 f4 33. Qxe2 fxg3 34. hxg3 Qxg3+ 35. Kh1 Qxh3+ 36. Kg1 Qg3+ 37. Kh1 Rf4 0-1

[Event "Hungarian Youth-ch II 2024"]
[Site "Szolnok"]
[Date "2024.04.02"]
[Round "2.1"]
[White "Kiss, Inez"]
[Black "Kincses, Emma"]
[Result "1-0"]
[ECO "B27"]
[WhiteElo "1806"]
[BlackElo "1678"]
[Annotator "NA RC"]
[PlyCount "57"]
[EventDate "2024.03.31"]
[EventType "swiss"]
[EventCountry "HUN"]
[SourceTitle "playchess.com"]
[Source "ChessBase"]
[SourceQuality "1"]
[TimeControl "5400+30"]

1. e4 c5 2. Nf3 g6 3. d4 cxd4 4. Qxd4 Nf6 5. Nc3 Nc6 6. Qa4 Bg7 7. e5 Ng8 8. Bf4 Nh6 9. h3 O-O 10. O-O-O a6 11. g4 Kh8 12. Bd3 b5 13. Nxb5 Bb7 14. Nc3 f6 $18 (14... e6 {might work better.} 15. Be2 Qc7) 15. exf6 Rxf6 16. g5 e5 17. gxf6 Qxf6 18. Bxh6 Bxh6+ 19. Nd2 Bxd2+ 20. Rxd2 Nd4 21. Be4 Bxe4 22. Nxe4 Qf3 23. Re1 Qf4 24. Nc3 Rc8 25. Re4 Qf5 26. Rexd4 exd4 27. Qxd4+ Kg8 28. Qd5+ Qxd5 29. Rxd5 1-0

[Event "Hungarian Youth-ch II 2024"]
[Site "Szolnok"]
[Date "2024.04.02"]
[Round "2.2"]
[White "Hangyal, Dora"]
[Black "Biro, Beata"]
[Result "1-0"]
[ECO "A11"]
[WhiteElo "1704"]
[BlackElo "1760"]
[Annotator "NA RC"]
[PlyCount "49"]
[EventDate "2024.03.31"]
[EventType "swiss"]
[EventCountry "HUN"]
[SourceTitle "playchess.com"]
[Source "ChessBase"]
[SourceQuality "1"]
[TimeControl "5400+30"]

1. c4 c6 2. Nc3 Nf6 3. e4 e5 4. d4 exd4 5. Qxd4 d6 6. Bf4 Nh5 7. Be3 Be7 8. Be2 Nf6 9. Rd1 O-O 10. Bf4 c5 11. Qd3 Qb6 12. a4 Rd8 13. h3 Nc6 14. g4 Nd4 15. g5 Nxe2 16. Qxe2 Nh5 17. Qxh5 Qxb2 18. Nd5 Bf8 19. Ne2 Bd7 20. Rg1 Bxa4 21. Nf6+ gxf6 22. gxf6+ Kh8 23. Qg5 Bh6 24. Qxh6 Rg8 25. Rg7 1-0

[Event "Hungarian Youth-ch II 2024"]
[Site "Szolnok"]
[Date "2024.04.02"]
[Round "2.4"]
[White "Wang, Luomeng"]
[Black "Ferenczy, Nora"]
[Result "1-0"]
[ECO "D45"]
[WhiteElo "1797"]
[BlackElo "1699"]
[Annotator "NA RC"]
[PlyCount "69"]
[EventDate "2024.03.31"]
[EventType "swiss"]
[EventCountry "HUN"]
[SourceTitle "playchess.com"]
[Source "ChessBase"]
[SourceQuality "1"]
[TimeControl "5400+30"]

1. d4 d5 2. c4 c6 3. Nf3 Nf6 4. Nc3 e6 5. e3 Nbd7 6. Be2 dxc4 7. a4 Bd6 8. Bxc4 O-O 9. O-O Re8 10. e4 e5 11. Re1 exd4 12. Nxd4 Ne5 13. Be2 Bc5 14. Nb3 Bb4 15. Qxd8 Rxd8 16. Bg5 Bxc3 17. Bxf6 Bxe1 18. Bxd8 Bb4 19. Bc7 Ng6 20. Rd1 Be6 21. Nd4 Re8 22. Nxe6 Rxe6 23. f3 Bc5+ 24. Kf1 Re8 25. Bc4 Ne5 26. Bxe5 Rxe5 27. Rd7 h6 28. Rxf7 Kh7 29. Rxb7 Bb6 30. f4 Rc5 31. b3 Rh5 32. e5 Rh4 33. g3 Rxh2 34. Bd3+ Kg8 35. e6 1-0

[Event "Hungarian Youth-ch II 2024"]
[Site "Szolnok"]
[Date "2024.04.02"]
[Round "2.5"]
[White "Horvath, Adel"]
[Black "Illes-Nagy, Nora"]
[Result "0-1"]
[ECO "D30"]
[WhiteElo "1681"]
[BlackElo "1757"]
[Annotator "NA RC"]
[PlyCount "116"]
[EventDate "2024.03.31"]
[EventType "swiss"]
[EventCountry "HUN"]
[SourceTitle "playchess.com"]
[Source "ChessBase"]
[SourceQuality "1"]
[TimeControl "5400+30"]

1. d4 d5 2. c4 c6 3. Nf3 Nf6 4. Nbd2 e6 5. e3 Bd6 6. Bd3 Nbd7 7. O-O O-O 8. e4 dxe4 9. Nxe4 Nxe4 10. Bxe4 Nf6 11. Bc2 c5 12. Bg5 b6 13. Qd3 g6 14. dxc5 Be7 15. Qxd8 Bxd8 16. cxb6 axb6 17. Rfd1 Be7 18. Ne5 Ra5 19. Nc6 Rxg5 20. Nxe7+ Kg7 21. Nxc8 Rxc8 22. b3 Re5 23. Re1 Ra5 24. b4 Ra3 25. Bb3 Nd7 26. Rad1 Nb8 27. Rd6 Nc6 28. Re2 Nxb4 29. Rxb6 Nc6 30. f3 Kf6 31. f4 Rc7 32. Kf2 Ke7 33. Rd2 Na5 34. Rd4 Nb7 35. g4 Na5 36. Rb5 Nb7 37. Rb6 Nc5 38. Rb5 h6 39. Kg2 Raa7 40. Rd2 Rab7 41. Bd1 Ra7 42. Be2 Ne4 43. Rc2 Nc5 44. Rb8 Kf6 45. Rb5 Ra6 46. h4 Ra3 47. Bf1 Ne4 48. Rb3 Ra5 49. Bd3 Nc5 50. Rb5 Nxd3 51. Rd2 Rxb5 52. cxb5 Nxf4+ 53. Kg3 Nd5 54. a4 Ra7 55. Ra2 Ke7 56. a5 Kd6 57. a6 Kc5 58. Rb2 Kb6 0-1

[Event "Hungarian Youth-ch II 2024"]
[Site "Szolnok"]
[Date "2024.04.02"]
[Round "2.6"]
[White "Hangyal, Anna"]
[Black "Biro, Csilla"]
[Result "1-0"]
[ECO "C02"]
[WhiteElo "1719"]
[BlackElo "1626"]
[Annotator "NA RC"]
[PlyCount "51"]
[EventDate "2024.03.31"]
[EventType "swiss"]
[EventCountry "HUN"]
[SourceTitle "playchess.com"]
[Source "ChessBase"]
[SourceQuality "1"]
[TimeControl "5400+30"]

1. e4 e6 2. d4 d5 3. e5 c5 4. c3 Nc6 5. Nf3 Nge7 6. Na3 a6 7. Bd3 cxd4 8. cxd4 Nf5 9. Nc2 Be7 10. O-O O-O 11. Bd2 Qb6 12. Rb1 Kh8 13. Kh1 a5 14. g4 Nfxd4 15. Nfxd4 Nxd4 16. Be3 Bc5 17. b4 axb4 18. Bxd4 Bxd4 19. Rxb4 Qc7 20. Nxd4 Qxe5 21. f4 Qd6 22. Rb2 Qc7 23. g5 Qc3 24. Rd2 Qxd4 25. Bxh7 Qc4 26. Bd3 1-0

[Event "Hungarian Youth-ch II 2024"]
[Site "Szolnok"]
[Date "2024.04.02"]
[Round "2.7"]
[White "Farkas, Roza"]
[Black "Janosi, Boglarka"]
[Result "0-1"]
[ECO "D45"]
[WhiteElo "1476"]
[BlackElo "1466"]
[Annotator "NA RC"]
[PlyCount "78"]
[EventDate "2024.03.31"]
[EventType "swiss"]
[EventCountry "HUN"]
[SourceTitle "playchess.com"]
[Source "ChessBase"]
[SourceQuality "1"]
[TimeControl "5400+30"]

1. d4 d5 2. c4 c6 3. Nf3 Nf6 4. e3 e6 5. Nc3 Bd6 6. cxd5 exd5 7. Bd3 O-O 8. O-O Qc7 9. Re1 Re8 10. Qc2 Bg4 11. Qd1 Bxh2+ 12. Kf1 Bd6 13. e4 dxe4 14. Nxe4 Nxe4 15. Bxe4 Nd7 16. Bd2 Nf6 17. Bd3 Rxe1+ 18. Bxe1 Re8 19. Rc1 Qd7 20. Bc3 Qe6 21. a3 Bxf3 22. Qxf3 Qg4 23. Qxg4 Nxg4 24. f3 Ne3+ 25. Kf2 Nd5 26. Bc4 b5 27. Bxd5 cxd5 28. b4 Rc8 29. Bd2 Rxc1 30. Bxc1 f6 31. Be3 g5 32. Kf1 Bf4 33. Bxf4 gxf4 34. Ke2 Kg7 35. Kf2 Kg6 36. g3 fxg3+ 37. Kxg3 Kg5 38. f4+ Kf5 39. Kf3 h5 0-1

[Event "Hungarian Youth-ch II 2024"]
[Site "Szolnok"]
[Date "2024.04.02"]
[Round "3.4"]
[White "Illes-Nagy, Nora"]
[Black "Wang, Luomeng"]
[Result "1-0"]
[ECO "A65"]
[WhiteElo "1757"]
[BlackElo "1797"]
[Annotator "NA RC"]
[PlyCount "101"]
[EventDate "2024.03.31"]
[EventType "swiss"]
[EventCountry "HUN"]
[SourceTitle "playchess.com"]
[Source "ChessBase"]
[SourceQuality "1"]
[TimeControl "5400+30"]

1. d4 Nf6 2. c4 c5 3. d5 e6 4. Nc3 exd5 5. cxd5 d6 6. e4 g6 7. Be2 Bg7 8. Bf4 O-O 9. Nf3 Bg4 10. Nd2 Bxe2 11. Qxe2 Nh5 12. Be3 Nd7 13. Nc4 Ne5 14. Nxe5 Bxe5 15. Qd2 Re8 16. O-O Qd7 17. f3 Ng7 18. Bf4 Bd4+ 19. Be3 Nf5 20. Bxd4 Nxd4 21. Qg5 Qe7 22. Qd2 b5 23. Rae1 b4 24. Nd1 Qd7 25. Qg5 Re5 26. Qh4 Qe7 27. Qxe7 Rxe7 28. Ne3 a5 29. Nc4 Ra6 30. f4 f6 31. g4 h6 32. h4 f5 33. gxf5 gxf5 34. e5 Kf7 35. Kh1 Nb5 36. h5 Kf8 37. Rg1 dxe5 38. fxe5 f4 39. Rgf1 Rf7 40. d6 Rf5 41. Kg2 Ra7 42. Re4 Rg7+ 43. Kf2 f3 44. Rg1 Rxg1 45. Kxg1 f2+ 46. Kf1 Nd4 47. e6 Nf3 48. e7+ Kg7 49. Kxf2 Ng5+ 50. Ke3 Rf3+ 51. Ke2 1-0

[Event "Hungarian Youth-ch II 2024"]
[Site "Szolnok"]
[Date "2024.04.02"]
[Round "3.5"]
[White "Ferenczy, Nora"]
[Black "Hangyal, Anna"]
[Result "0-1"]
[ECO "D20"]
[WhiteElo "1699"]
[BlackElo "1719"]
[Annotator "NA RC"]
[PlyCount "124"]
[EventDate "2024.03.31"]
[EventType "swiss"]
[EventCountry "HUN"]
[SourceTitle "playchess.com"]
[Source "ChessBase"]
[SourceQuality "1"]
[TimeControl "5400+30"]

1. d4 d5 2. c4 dxc4 3. e4 e5 4. Nf3 Bg4 5. Qa4+ Qd7 6. Qxd7+ Nxd7 7. Nxe5 Nxe5 8. dxe5 O-O-O 9. f3 Be6 10. Be3 Ne7 11. Nd2 Nc6 12. Nxc4 Bxc4 13. Bxc4 Nxe5 14. Rc1 Bb4+ 15. Ke2 Nxc4 16. Rxc4 Ba5 17. Rhc1 Kb8 18. b4 Bb6 19. Bf4 Rd7 20. a4 g5 21. Bg3 a5 22. bxa5 Bxa5 23. Rc5 Bb6 24. Rb5 Bd4 25. a5 Rc8 26. Rcb1 Ka8 27. Rxb7 Ba7 28. h3 Rb8 29. Rxb8+ Bxb8 30. Rb5 h6 31. f4 c6 32. Rf5 Kb7 33. Rf6 h5 34. Rf5 gxf4 35. Bxf4 Bxf4 36. Rxf4 Ka6 37. Rf5 h4 38. Ke3 Rc7 39. Kd4 Re7 40. Rc5 Re6 41. Ke3 Rg6 42. Kf3 Rg3+ 43. Kf2 Rg6 44. Rf5 Rg7 45. Rf6 Kxa5 46. Rxc6 Rh7 47. Rf6 Kb5 48. Kf3 Kc5 49. g4 hxg3 50. Kxg3 Kd4 51. Rf4 Ke5 52. h4 Rg7+ 53. Kf3 f6 54. Rf5+ Ke6 55. Ra5 Rh7 56. h5 Rh8 57. Kf4 Rh6 58. Ra6+ Kf7 59. Kg4 f5+ 60. exf5 Rxa6 61. Kg5 Kg7 62. Kf4 Kh6 0-1

[Event "Hungarian Youth-ch II 2024"]
[Site "Szolnok"]
[Date "2024.04.02"]
[Round "3.6"]
[White "Medvegy, Maria"]
[Black "Horvath, Adel"]
[Result "0-1"]
[ECO "B51"]
[WhiteElo "1474"]
[BlackElo "1681"]
[Annotator "NA RC"]
[PlyCount "70"]
[EventDate "2024.03.31"]
[EventType "swiss"]
[EventCountry "HUN"]
[SourceTitle "playchess.com"]
[Source "ChessBase"]
[SourceQuality "1"]
[TimeControl "5400+30"]

1. e4 c5 2. Nf3 d6 3. Bb5+ Nd7 4. O-O a6 5. Bxd7+ Bxd7 6. c3 Nf6 7. Re1 e6 8. d4 cxd4 9. cxd4 Be7 10. Nc3 O-O 11. Bg5 Rc8 12. Rc1 h6 13. Bh4 b5 14. e5 Ne8 15. Bxe7 Qxe7 16. exd6 Nxd6 17. Nd5 Qd8 18. Rxc8 Nxc8 19. Nf4 Ne7 20. Ne5 Nc6 21. Nf3 Qc7 22. Nd3 Rc8 23. Nc5 a5 24. d5 exd5 25. Qxd5 Bg4 26. Nd3 Bxf3 27. Qxf3 Qd7 28. g3 Nd4 29. Qe4 f5 30. Qf4 Rc2 31. Kg2 Qd5+ 32. Kh3 Ne6 33. Qb8+ Kh7 34. f4 Qg2+ 35. Kh4 Qxh2# 0-1

[Event "Hungarian Youth-ch II 2024"]
[Site "Szolnok"]
[Date "2024.04.02"]
[Round "3.7"]
[White "Janosi, Boglarka"]
[Black "Vadkerti, Anna"]
[Result "0-1"]
[ECO "B35"]
[WhiteElo "1466"]
[BlackElo "1502"]
[Annotator "NA RC"]
[PlyCount "116"]
[EventDate "2024.03.31"]
[EventType "swiss"]
[EventCountry "HUN"]
[SourceTitle "playchess.com"]
[Source "ChessBase"]
[SourceQuality "1"]
[TimeControl "5400+30"]

1. e4 c5 2. Nf3 Nc6 3. d4 cxd4 4. Nxd4 g6 5. Nc3 Bg7 6. Be3 Nf6 7. Bc4 d6 8. Bb3 Ng4 9. Nxc6 bxc6 10. Qd2 Nxe3 11. Qxe3 O-O 12. O-O Bb7 13. Rad1 Qa5 14. Rfe1 Qh5 15. Qe2 Qxe2 16. Rxe2 Rfd8 17. Re3 Rac8 18. Rf3 e6 19. Rfd3 d5 20. exd5 exd5 21. h3 Ba6 22. R3d2 Re8 23. Rb1 Rc7 24. Ba4 d4 25. Nd5 Rcc8 26. Nb4 Bb7 27. a3 Re7 28. Kh1 c5 29. Nd3 Bc6 30. Bxc6 Rxc6 31. Nf4 Bh6 32. g3 Bxf4 33. gxf4 Rf6 34. b4 cxb4 35. Rxd4 bxa3 36. Ra1 Ra6 37. Rd2 Re4 38. f5 Rea4 39. fxg6 hxg6 40. c3 Rb6 41. Rc2 Rb2 42. Rcc1 Rxf2 43. c4 Rf6 44. c5 Rc6 45. Kg2 Kg7 46. Kf3 Kf6 47. Ke3 Ke6 48. Kd3 Kd5 49. Rc2 Rxc5 50. Rxc5+ Kxc5 51. Kc3 a2 52. Kb3 Ra6 53. Rxa2 Rxa2 54. Kxa2 Kd4 55. Kb3 Ke3 56. Kb4 Kf3 57. h4 Kg4 58. h5 gxh5 0-1

[Event "Hungarian Youth-ch II 2024"]
[Site "Szolnok"]
[Date "2024.04.02"]
[Round "3.8"]
[White "Vasarhelyi, Szurina"]
[Black "Farkas, Roza"]
[Result "1-0"]
[ECO "C02"]
[WhiteElo "1446"]
[BlackElo "1476"]
[Annotator "NA RC"]
[PlyCount "89"]
[EventDate "2024.03.31"]
[EventType "swiss"]
[EventCountry "HUN"]
[SourceTitle "playchess.com"]
[Source "ChessBase"]
[SourceQuality "1"]
[TimeControl "5400+30"]

1. e4 e6 2. d4 d5 3. e5 c5 4. c3 Nc6 5. Nf3 Qb6 6. a3 cxd4 7. cxd4 Nge7 8. Bd3 Bd7 9. Bc2 Nf5 10. Bxf5 exf5 11. O-O Be7 12. Nc3 Be6 13. Rb1 O-O 14. Be3 Rac8 15. Ne2 f6 16. h3 Na5 17. Nd2 Nc4 18. Nxc4 Rxc4 19. Qd2 fxe5 20. dxe5 Bc5 21. Bxc5 Qxc5 22. Rbc1 Qb5 23. Rxc4 dxc4 24. Qd6 Qd5 25. Rd1 Qxd6 26. Rxd6 Re8 27. Nd4 Kf7 28. Nxe6 Rxe6 29. Rxe6 Kxe6 30. f4 h6 31. Kf2 g5 32. g3 a5 33. Ke3 gxf4+ 34. gxf4 Kd5 35. Kd2 b6 36. Kc3 b5 37. b3 h5 38. bxc4+ bxc4 39. e6 Kxe6 40. Kxc4 Kd6 41. Kd4 a4 42. h4 Ke6 43. Kc5 Kd7 44. Kd5 Ke7 45. Ke5 1-0

[Event "Hungarian Youth-ch II 2024"]
[Site "Szolnok"]
[Date "2024.04.03"]
[Round "4.1"]
[White "Balazs, Szabina Zoe"]
[Black "Kiss, Inez"]
[Result "1-0"]
[ECO "B12"]
[WhiteElo "1756"]
[BlackElo "1806"]
[Annotator "NA RC"]
[PlyCount "93"]
[EventDate "2024.03.31"]
[EventType "swiss"]
[EventCountry "HUN"]
[SourceTitle "playchess.com"]
[Source "ChessBase"]
[SourceQuality "1"]
[TimeControl "5400+30"]

1. e4 c6 2. d4 d5 3. e5 c5 4. c3 Nc6 5. Nf3 cxd4 6. cxd4 Bg4 7. Be2 e6 8. Be3 Nge7 9. Nbd2 Nf5 10. O-O Be7 11. h3 Bxf3 12. Nxf3 O-O 13. Bd3 f6 14. Bxf5 exf5 15. Bf4 Qb6 16. Qd3 g6 17. Rfd1 Na5 18. b3 Rac8 19. exf6 Bxf6 20. Be5 Bxe5 21. dxe5 Rc5 22. Nd4 Nc6 23. Ne6 Nb4 24. Qd4 Rfc8 25. Nxc5 Rxc5 26. Qh4 Nc6 27. Qf6 Rc2 28. Qe6+ Kf8 29. Qxd5 Rxf2 30. Kh1 Ne7 31. Qc4 Qe3 32. Rd8+ Kg7 33. e6 Qg3 34. Qd4+ Kh6 35. Rg1 Nc6 36. Qd6 f4 37. Rd7 Qe3 38. Qf8+ Kh5 39. Rxh7+ Kg5 40. h4+ Kg4 41. Qf6 f3 42. Qxg6+ Kf4 43. Qg5+ Ke4 44. Qxe3+ Kxe3 45. e7 fxg2+ 46. Rxg2 Rf1+ 47. Rg1 1-0

[Event "Hungarian Youth-ch II 2024"]
[Site "Szolnok"]
[Date "2024.04.03"]
[Round "4.2"]
[White "Kincses, Emma"]
[Black "Hangyal, Dora"]
[Result "1/2-1/2"]
[ECO "D02"]
[WhiteElo "1678"]
[BlackElo "1704"]
[Annotator "NA RC"]
[PlyCount "117"]
[EventDate "2024.03.31"]
[EventType "swiss"]
[EventCountry "HUN"]
[SourceTitle "playchess.com"]
[Source "ChessBase"]
[SourceQuality "1"]
[TimeControl "5400+30"]

1. d4 d5 2. Nf3 Nf6 3. g3 e6 4. Bg2 Be7 5. O-O O-O 6. b3 c5 7. Bb2 Nbd7 8. Nbd2 Qc7 9. c4 b6 10. Rc1 Qb8 11. Ne5 Bb7 12. Nxd7 Nxd7 13. cxd5 Bxd5 14. e4 Bb7 15. Nc4 f5 16. d5 exd5 17. exd5 Rd8 18. Qh5 f4 19. Be5 Nxe5 20. Nxe5 g6 21. Qe2 Re8 22. Qc4 Bd6 23. Nd3 a5 24. Rfe1 Ba6 25. Qc3 fxg3 26. hxg3 Rxe1+ 27. Nxe1 Be5 28. Qe3 Qd6 29. Nf3 Re8 30. Re1 Qxd5 31. Nxe5 Qd6 32. Qf4 Rf8 33. Qe4 Rd8 34. Nf3 Kg7 35. Qe7+ Qxe7 36. Rxe7+ Kf6 37. Rxh7 Rd1+ 38. Kh2 Ra1 39. Rh4 Rxa2 40. Rf4+ Kg7 41. Ne5 Bc8 42. Rf7+ Kh6 43. Rf6 Bf5 44. f3 b5 45. Rb6 b4 46. Rb5 a4 47. bxa4 Rxa4 48. Rxc5 b3 49. Rb5 Bc2 50. Ng4+ Kg7 51. Ne3 Ra1 52. f4 Re1 53. Nc4 Re2 54. Kg1 Bd3 55. Rb7+ Kf6 56. Rb6+ Kg7 57. Rxb3 Bxc4 58. Rc3 Be6 59. Rc7+ 1/2-1/2

[Event "Hungarian Youth-ch II 2024"]
[Site "Szolnok"]
[Date "2024.04.03"]
[Round "4.4"]
[White "Hangyal, Anna"]
[Black "Illes-Nagy, Nora"]
[Result "1-0"]
[ECO "B47"]
[WhiteElo "1719"]
[BlackElo "1757"]
[Annotator "NA RC"]
[PlyCount "162"]
[EventDate "2024.03.31"]
[EventType "swiss"]
[EventCountry "HUN"]
[SourceTitle "playchess.com"]
[Source "ChessBase"]
[SourceQuality "1"]
[TimeControl "5400+30"]

1. e4 c5 2. Nf3 e6 3. d4 cxd4 4. Nxd4 Nc6 5. Nc3 Qc7 6. Qd3 a6 7. Nxc6 bxc6 8. Qg3 Qxg3 9. hxg3 Rb8 10. b3 Bb4 11. Bd2 Ba3 12. Rd1 d5 13. g4 Nf6 14. g5 Nxe4 15. Nxe4 dxe4 16. Rh4 O-O 17. Rxe4 Be7 18. Bd3 f6 19. gxf6 Bxf6 20. Bc4 Re8 21. Bf4 Ra8 22. Rd6 Kf7 23. Rxc6 Re7 24. Rd6 Bc3+ 25. Ke2 Bb4 26. Rd3 a5 27. Bg5 Re8 28. Bb5 Rf8 29. c3 Bc5 30. Re5 Be7 31. Rf3+ Bf6 32. Rc5 Ra7 33. Be3 Ba6 34. Bxa6 Rxa6 35. Rc7+ Kg8 36. Bd4 Bxd4 37. cxd4 Rxf3 38. Kxf3 a4 39. Ke4 axb3 40. axb3 Rb6 41. Ke5 Kf8 42. g3 Rxb3 43. Kxe6 Rb6+ 44. Ke5 h6 45. d5 Rb8 46. d6 Re8+ 47. Kf5 Rd8 48. d7 Kf7 49. f4 g6+ 50. Ke5 Ke7 51. Ra7 Rb8 52. Ra6 Kxd7 53. Rxg6 h5 54. Rg7+ Kc6 55. f5 Re8+ 56. Kf4 Kd5 57. Kg5 Ke5 58. f6 Rf8 59. Re7+ Kd6 60. Kg6 Rg8+ 61. Rg7 Rf8 62. Kxh5 Ke6 63. Rg6 Kf5 64. g4+ Ke6 65. Kh6 Kf7 66. Kh7 Ra8 67. g5 Ra1 68. Rg7+ Kf8 69. f7 Rf1 70. Rg8+ Kxf7 71. g6+ Ke7 72. Ra8 Rh1+ 73. Kg8 Kf6 74. g7 Ke7 75. Ra4 Re1 76. Rh4 Rg1 77. Kh7 Kf7 78. Rf4+ Ke7 79. g8=Q Rh1+ 80. Kg7 Rg1+ 81. Kh8 Kd7 1-0

[Event "Hungarian Youth-ch II 2024"]
[Site "Szolnok"]
[Date "2024.04.03"]
[Round "4.5"]
[White "Wang, Luomeng"]
[Black "Horvath, Adel"]
[Result "0-1"]
[ECO "D71"]
[WhiteElo "1797"]
[BlackElo "1681"]
[Annotator "NA RC"]
[PlyCount "66"]
[EventDate "2024.03.31"]
[EventType "swiss"]
[EventCountry "HUN"]
[SourceTitle "playchess.com"]
[Source "ChessBase"]
[SourceQuality "1"]
[TimeControl "5400+30"]

1. d4 Nf6 2. c4 g6 3. g3 Bg7 4. Bg2 O-O 5. Nf3 d6 6. O-O c6 7. Nc3 Qb6 8. b3 e5 9. dxe5 dxe5 10. e4 Re8 11. Bb2 Bg4 12. Qc2 Bxf3 13. Bxf3 Na6 14. a3 Nc5 15. b4 Ne6 16. Ne2 Rad8 17. Rad1 Qc7 18. c5 b6 19. cxb6 axb6 20. Bg2 Rxd1 21. Rxd1 Rd8 22. Rxd8+ Nxd8 23. a4 Ne6 24. Qc4 c5 25. b5 Qd6 26. h4 Qd1+ 27. Bf1 Nd4 28. Bxd4 exd4 29. e5 Ng4 30. e6 Qe1 31. exf7+ Kf8 32. Kg2 Qxf2+ 33. Kh3 Qxf1+ 0-1